 Dungeon Crawl Stone Soup version 0.17-a0-288-gaf424a4 (webtiles) character file.

102 Ryushun the Shield-Bearer (level 5, -2/41 HPs)
             Began as a Human Fighter on Mar 30, 2015.
             Slain by Crazy Yiuf
             ... wielding a +4 quarterstaff of chaos
              (10 damage)
             ... on level 2 of the Dungeon.
             The game lasted 00:19:19 (2705 turns).

Ryushun the Shield-Bearer (Human Fighter)           Turns: 2705, Time: 00:19:20

Health: -2/41      AC: 10    Str: 16    XL:     5   Next: 6%
Magic:  13/13      EV:  5    Int: 10    God:
Gold:   77         SH:  9    Dex: 12    Spells: 0 memorised, 4 levels left

rFire  . . .     SeeInvis .     a - +0 long sword
rCold  . . .     Clarity  .     f - +0 chain mail
rNeg   . . .     SustAb   .     c - +0 shield
rPois  .         Gourm    .     (no helmet)
rElec  .         Spirit   .     h - +0 cloak
rCorr  .         Warding  .     (no gloves)
rMut   .         Stasis   .     (no boots)
MR     .....                    (no amulet)
Stlth  ..........               q - ring of flight
                                k - ring of magical power

@: about to teleport, not resistant to hostile enchantments, extremely
unstealthy
A: no striking features
a: Evoke Flight


You were on level 2 of the Dungeon.
You were not hungry.

You visited 1 branch of the dungeon, and saw 2 of its levels.

You collected 77 gold pieces.

Inventory:

Hand weapons
 a - a +0 long sword (weapon)
 t - a +7 club
 y - a +0 club
 z - a +0 club
 A - a +0 short sword
Missiles
 j - 24 stones (quivered)
 m - 24 bolts
 n - 42 sling bullets
 o - 22 arrows
Armour
 c - a +0 shield (worn)
 f - a +0 chain mail (worn)
 h - a +0 cloak (worn)
 u - a +2 ring mail of cold resistance
 v - a +0 scale mail
Jewellery
 k - a ring of magical power (left hand)
 q - a ring of flight (right hand)
 r - an uncursed ring of fire
Magical devices
 s - a wand of enslavement (0)
Scrolls
 i - a scroll of teleportation
 p - a scroll of remove curse
Potions
 d - a potion of mutation
 e - 2 potions of might
 g - a potion of restore abilities {unknown}
 l - a potion of cancellation {unknown}
 x - a potion of experience {unknown}
Comestibles
 w - a bread ration
 B - 5 chunks of flesh


   Skills:
 + Level 3.6 Fighting
 * Level 2.9 Long Blades
 + Level 3.3 Armour
 * Level 1.4 Dodging
 + Level 3.7 Shields


You had 4 spell levels left.
You didn't know any spells.

Dungeon Overview and Level Annotations

Branches:
Dungeon (2/15)

Altars:

Annotations:
D:2 Crazy Yiuf


Message History

You closely miss the giant newt. The giant newt barely misses you.
You hit the giant newt.
You kill the giant newt!
Found a hammer.
Crazy Yiuf the Enlightened comes into view.
He is wielding a quarterstaff of chaos.
Crazy Yiuf shouts!
Crazy Yiuf moves out of view.
You hit Crazy Yiuf but do no damage.
Crazy Yiuf hits you with a quarterstaff of chaos!
You completely miss Crazy Yiuf.
Crazy Yiuf says, "Pitchfork!"
Crazy Yiuf hits you with a quarterstaff of chaos!
You are electrocuted!
* * * LOW HITPOINT WARNING * * *
Put on which piece of jewellery? (? for menu, Esc to quit)
Okay, then.
As you read the scroll of teleportation, it crumbles to dust.
You feel strangely unstable.
Crazy Yiuf hits you with a quarterstaff of chaos!
You die...

##.# #.## # #..#
.. . ##.# ....#
#.## .....
♣♣♣♣♣##..# .....
### ♣♣♣.♣....#.#
####
#...#♣..♣..P....#
#...g@♣♣♣♣......#
#)..#♣♣ ♣♣....##
### ♣♣####


You could see Crazy Yiuf.

Vanquished Creatures
  Ijyb (D:2)
  An adder (D:1)
  A worm (D:2)
  A giant gecko (D:1)
  An ooze (D:2)
  4 giant cockroaches
  6 hobgoblins
  10 jackals
  A quokka (D:2)
  7 bats
  3 giant newts
  3 goblins
  7 kobolds
  10 rats
  4 plants (D:1)
60 creatures vanquished.

Notes
Turn   | Place    | Note
--------------------------------------------------------------
     0 | D:1      | Ryushun, the Human Fighter, began the quest for the Orb.
     0 | D:1      | Reached XP level 1. HP: 18/18 MP: 0/0
   583 | D:1      | Reached XP level 2. HP: 22/24 MP: 1/1
   952 | D:1      | Reached XP level 3. HP: 16/29 MP: 2/2
  1807 | D:2      | Reached skill level 1 in Dodging
  1816 | D:2      | Reached XP level 4. HP: 35/35 MP: 3/3
  1872 | D:2      | Noticed Ijyb
  1921 | D:2      | Killed Ijyb
  2538 | D:2      | Reached XP level 5. HP: 36/41 MP: 4/4
  2700 | D:2      | Noticed Crazy Yiuf
  2705 | D:2      | Slain by Crazy Yiuf

Action                   |  1- 3 |  4- 6 || total
-------------------------+-------+-------++-------
Melee: Long sword        |   359 |    83 ||   442
  Use: Scroll            |     1 |     5 ||     6
       Potion            |       |     1 ||     1
  Eat: Chunk             |     1 |     1 ||     2
       Bread ration      |     1 |       ||     1
       Beef jerky        |       |     1 ||     1
